 Dungeon Crawl Stone Soup version 0.20-a0-1074-g6a0a8e1 (webtiles) character file.

46 truemonolith the Cutter (level 3, 0/25 HPs)
             Began as a Halfling Berserker on Apr 29, 2017.
             Was a Believer of Trog.
             Succumbed to an adder's poison
             ... on level 2 of the Dungeon.
             The game lasted 00:02:11 (1708 turns).

truemonolith the Cutter (Halfling Berserker)        Turns: 1708, Time: 00:02:12

Health: 0/25       AC:  2    Str: 18    XL:     3   Next: 92%
Magic:  3/3        EV: 15    Int:  5    God:    Trog [**....]
Gold:   81         SH:  0    Dex: 14    Spells: 2/2 levels left

rFire    . . .     SeeInvis .   a - +0 short sword
rCold    . . .     Gourm    .   (shield restricted)
rNeg     . . .     Faith    .   b - +0 animal skin
rPois    .         Spirit   .   (no helmet)
rElec    .         Reflect  .   (no cloak)
rCorr    .         Harm     .   (no gloves)
MR       .....                  (no boots)
Stlth    +.........             (no amulet)
Regen    0.1/turn               (no ring)
MPRegen  0.1/turn               (no ring)

@: lethally poisoned (0 -> -9)
A: mutation resistance 1
a: Berserk, Trog's Hand, Burn Spellbooks, Renounce Religion


You were on level 2 of the Dungeon.
You worshipped Trog.
Trog was pleased with you.
You were not hungry.

You visited 1 branch of the dungeon, and saw 2 of its levels.

You collected 81 gold pieces.

Inventory:

Hand Weapons
 a - a +0 short sword (weapon)
Armour
 b - a +0 animal skin (worn)
Scrolls
 d - 2 scrolls of identify {unknown}
 e - a scroll of magic mapping {unknown}
 h - a scroll of remove curse {unknown}
 k - a scroll of immolation {unknown}
 l - 2 scrolls of blinking {unknown}
 n - a scroll of random uselessness {unknown}
 p - a scroll of noise {unknown}
Potions
 g - 4 potions of curing {unknown}
 j - a potion of mutation {unknown}
 m - a potion of cancellation {unknown}
 o - a potion of lignification {unknown}
Comestibles
 c - a bread ration
 f - 2 royal jellies
 i - a meat ration


   Skills:
 - Level 2.6 Fighting
 + Level 5.4 Short Blades
 - Level 2.1 Armour
 - Level 2.1 Dodging


You had 2 spell levels left.
You didn't know any spells.

Dungeon Overview and Level Annotations

Branches:
Dungeon (2/15)

Altars:


Innate Abilities, Weirdness & Mutations

You are small and have problems with some larger weapons.
You are somewhat resistant to further mutation.


Message History

You feel sick. The adder closely misses you.
You miss the adder.
The adder is heavily wounded.
The adder bites you.
* * * LOW HITPOINT WARNING * * *
You are more poisoned.
The adder poisons you! The adder misses you.
You closely miss the adder.
The adder is heavily wounded.
* * * LOW HITPOINT WARNING * * *
You feel sick. The adder bites you.
* * * LOW HITPOINT WARNING * * *
You hit the adder.
The adder is almost dead.
The adder closely misses you.
You hit the adder.
You kill the adder!
Trog accepts your kill.
You can now call upon Trog for regeneration and protection from hostile enchantments.
You die...

#.# ## #.# #
...###.###.####
#
#............#
#
#####...##.##.#
# .........# #
#####...## #
##.## # #@# #
#(# # ##S## #
.## ##...## #
...##.....##
#.#.......##
###
###..........#
...
.............+
##
.##..........#


You could see an adder.

Vanquished Creatures
  2 adders (D:2)
  A dart slug (D:1)
  3 bats
  3 giant cockroaches (D:1)
  8 hobgoblins
  A quokka (D:2)
  A ball python (D:2)
  A frilled lizard (D:2)
  2 kobolds (D:1)
  2 rats
24 creatures vanquished.

Notes
Turn   | Place    | Note
-------+----------+-------------------------------------------
     0 | D:1      | truemonolith the Halfling Berserker began the quest for the Orb.
     0 | D:1      | Reached XP level 1. HP: 15/15 MP: 1/1
    57 | D:1      | Reached skill level 4 in Short Blades
   229 | D:1      | Reached XP level 2. HP: 20/20 MP: 2/2
   432 | D:1      | Reached XP level 3. HP: 8/25 MP: 3/3
  1197 | D:2      | Reached skill level 5 in Short Blades
  1706 | D:2      | HP: 1/25 [adder (3)]
  1708 | D:2      | Reached ** piety under Trog
  1708 | D:2      | Succumbed to an adder's poison

Vault maps used:
D:1:      dpeg_arrival_boxes_within_box, dk_noncrumbling_2

Skill      XL: |  1  2  3 |
---------------+----------+-----
Short Blades   | 4 5 |  5.4
Fighting       | |  2.6
Armour         | |  2.1
Dodging        | |  2.1

Action                   || total
-------------------------++-------
Melee: Short sword       ||    81
 Stab: Sleeping          ||     3
  Eat: Chunk             ||     2
Armor: Animal skin       ||    13
Dodge: Dodged            ||    88
